AoeStats
← a20th_

Arena

507099435Analyzed
4v4 RM · 16d ago on Sep 16, 2026· 65m 9s· 8 players
Game mode
Random Map
Map size
Large (8 player)
Population
200
Speed
Normal
Resources
Standard
Victory
Conquest
Starting age
Dark Age
Ending age
Imperial Age
RankedLock teamsTeams togetherTeam positionsShared explorationLock speedFull tech treeHidden civsTurbo modeCheats
Victory
Defeat
🇺🇸 Goths · United States
881
+16
🇨🇳 Persians · China
867
+16
🇺🇸 Teutons · United States
850
+17
🇨🇷 Aztecs · Costa Rica
824
+19
🇹🇷 Spanish · Türkiye
899
-18
🇪🇸 Franks · Spain
873
-17
🇭🇺 Turks · Hungary
866
-17
🇱🇺 Inca · Luxembourg
847
-16
Kaparso
11:23 Feudal Age
16:46 Castle Age
15:40 Double-Bit Axe
18:10 Loom
21:36 Wheelbarrow
23:03 Bow Saw
25:10 Town Watch
29:32 Imperial Age
27:14 Murder Holes
27:40 Ballistics
27:14 Fletching
29:03 Scale Barding Armor
29:08 Forging
28:54 Bodkin Arrow
30:41 Conscription
29:49 Cavalier
30:31 Husbandry
32:43 Hand Cart
32:41 Paladin
34:40 Iron Casting
34:40 Chain Barding Armor
36:25 Blast Furnace
36:57 Plate Barding Armor
43:13 Masonry
43:10 Siege Engineers
44:06 Chemistry
50:05 Hoardings
lil_luzツ
10:39 Feudal Age
11:09 Double-Bit Axe
11:06 Horse Collar
17:06 Castle Age
16:50 Forging
16:40 Scale Mail Armor
16:18 Champi Runner
16:50 Arson
17:58 Bow Saw
22:13 Heavy Plow
26:14 Champi Warrior
28:01 Redemption
28:50 Herbal Medicine
29:53 Treadmill Crane
30:34 Ballistics
33:30 Imperial Age
31:38 Wheelbarrow
30:57 Fletching
31:08 Padded Archer Armor
32:00 Iron Casting
33:02 Fortified Wall
32:48 Murder Holes
33:03 Masonry
33:19 Bodkin Arrow
33:40 Chain Mail Armor
33:41 Leather Archer Armor
33:45 Andean Sling
35:23 Conscription
36:23 Chemistry
35:51 Crossbowman
36:36 Thumb Ring
36:36 Bracer
37:09 Plate Mail Armor
37:09 Squires
38:50 Pikeman
a20th_
10:55 Feudal Age
15:28 Castle Age
24:48 Horse Collar
24:56 Double-Bit Axe
25:06 Gold Mining
26:50 Wheelbarrow
26:54 Gold Shaft Mining
26:52 Fervor
26:33 Loom
27:12 Bow Saw
28:10 Hand Cart
28:38 Heavy Plow
31:56 Imperial Age
31:03 Stone Mining
31:35 Forging
31:32 Scale Barding Armor
32:06 Murder Holes
32:22 Masonry
32:33 Ballistics
33:31 Scale Mail Armor
33:38 Elite Janissary
34:38 Conscription
34:30 Town Watch
35:09 Chain Mail Armor
37:03 Architecture
36:45 Fortified Wall
36:18 Treadmill Crane
37:28 Plate Mail Armor
37:33 Iron Casting
37:11 Fletching
37:45 Chain Barding Armor
38:47 Husbandry
38:58 Bloodlines
39:24 Squires
39:10 Arson
39:34 Heavy Camel Rider
41:00 Artillery
42:02 Bodkin Arrow
48:56 Blast Furnace
48:32 Plate Barding Armor
58:30 Bracer
wascue
0:42 Loom
11:36 Feudal Age
13:26 Wheelbarrow
12:38 Double-Bit Axe
12:35 Horse Collar
20:32 Castle Age
18:34 Stone Mining
18:40 Gold Mining
21:39 Hand Cart
21:36 Bow Saw
21:27 Heavy Plow
30:19 Stone Shaft Mining
30:39 Bloodlines
30:29 Husbandry
33:36 Imperial Age
31:45 Ballistics
31:36 Fortified Wall
31:33 Murder Holes
33:18 Masonry
33:21 Forging
33:11 Scale Mail Armor
33:18 Scale Barding Armor
34:48 Conscription
33:49 Elite Conquistador
35:31 Chemistry
35:52 Two-Man Saw
36:21 Architecture
35:14 Light Cavalry
36:32 Iron Casting
36:18 Chain Barding Armor
36:28 Chain Barding Armor
36:34 Chain Mail Armor
40:41 Blast Furnace
40:16 Plate Barding Armor
40:11 Plate Mail Armor
42:04 Hussar
47:34 Fletching
47:44 Padded Archer Armor
47:34 Town Watch
49:42 Bodkin Arrow
50:02 Leather Archer Armor
51:35 Bracer
52:06 Ring Archer Armor
54:41 Town Patrol
xxyvonnederful
12:20 Feudal Age
13:35 Double-Bit Axe
13:33 Horse Collar
16:25 Castle Age
16:48 Wheelbarrow
20:21 Heavy Plow
20:35 Bow Saw
24:26 Hand Cart
24:48 Scale Barding Armor
24:54 Forging
26:35 Gold Mining
26:36 Stone Mining
29:43 Imperial Age
27:02 Loom
27:02 Town Watch
28:46 Bloodlines
29:01 Chain Barding Armor
29:17 Iron Casting
30:12 Town Patrol
29:50 Cavalier
31:20 Masonry
31:53 Plate Barding Armor
32:19 Blast Furnace
31:10 Fletching
33:26 Conscription
35:01 Bodkin Arrow
36:18 Two-Man Saw
35:32 Paladin
36:43 Fortified Wall
46:59 Coinage
46:40 Guilds
55:58 Stone Shaft Mining
59:26 Hoardings
wubalabadubdub
0:59 Loom
9:51 Feudal Age
10:15 Horse Collar
10:24 Double-Bit Axe
20:00 Castle Age
18:35 Forging
19:35 Scale Mail Armor
19:35 Stone Mining
19:37 Gold Mining
20:45 Heavy Plow
20:37 Pikeman
21:18 Squires
24:20 Anarchy
29:59 Imperial Age
29:41 Wheelbarrow
29:00 Fletching
29:26 Chain Mail Armor
30:32 Iron Casting
31:14 Conscription
32:40 Elite Huskarl
35:40 Perfusion
39:52 Blast Furnace
39:59 Chemistry
mandalvarado
2:54 Loom
11:14 Feudal Age
17:49 Castle Age
15:48 Double-Bit Axe
15:45 Horse Collar
16:07 Stone Mining
17:28 Gold Mining
20:11 Stone Shaft Mining
33:28 Imperial Age
31:36 Wheelbarrow
31:53 Atlatl
32:01 Heavy Plow
32:40 Gold Shaft Mining
32:18 Bow Saw
32:43 Caravan
33:03 Hand Cart
33:13 Ballistics
33:07 Forging
33:34 Capped Ram
34:10 Man-at-Arms
34:11 Pikeman
34:12 Eagle Warrior
35:26 Squires
36:05 Iron Casting
35:30 Scale Mail Armor
35:58 Long Swordsman
36:24 Gambesons
36:45 Two-Handed Swordsman
37:12 Siege Ram
38:37 Champion
41:35 Blast Furnace
40:50 Chain Mail Armor
40:26 Fletching
40:36 Padded Archer Armor
40:55 Elite Eagle Warrior
42:54 Elite Jaguar Warrior
44:00 Garland Wars
50:47 Bodkin Arrow
51:23 Plate Mail Armor
59:40 Arson
59:46 Arson
60:20 Bracer
60:36 Leather Archer Armor
Iluvatar
9:15 Feudal Age
15:51 Castle Age
14:13 Double-Bit Axe
14:21 Horse Collar
23:43 Heavy Plow
26:43 Bow Saw
26:31 Gold Mining
30:10 Stone Mining
30:57 Gold Shaft Mining
34:36 Imperial Age
32:39 Forging
33:09 Scale Barding Armor
34:30 Wheelbarrow
33:40 Town Watch
33:42 Loom
34:47 Iron Casting
34:34 Chain Barding Armor
34:05 Fletching
34:29 Kamandaran
35:23 Conscription
35:02 Fletching
35:49 Bloodlines
35:00 Cavalier
36:34 Crop Rotation
35:59 Stone Mining
37:11 Two-Man Saw
37:14 Blast Furnace
36:57 Husbandry
37:35 Plate Barding Armor
37:47 Savar
38:52 Thumb Ring
38:08 Elite Skirmisher
38:10 Crossbowman
38:53 Bodkin Arrow
38:59 Padded Archer Armor
42:04 Leather Archer Armor
43:23 Caravan
48:18 Guilds
57:45 Ballistics
58:26 Chemistry
59:05 Elite War Elephant
Connection lost

Rejoining the realm…

Still unreachable

The connection could not be restored.

Session expired

The server has moved on; the page needs a fresh start.